 Dungeon Crawl Stone Soup version 0.27-a0-96-gb51a1d6fd6 (webtiles) character file.

Game seed: 4629679633578232680

45 knot the Chopper (level 3, 0/29 HPs)
             Began as a Demonspawn Berserker on Jan 19, 2021.
             Was a Believer of Trog.
             Succumbed to a kobold's poison
             ... on level 2 of the Dungeon.
             The game lasted 00:01:03 (1353 turns).

knot the Chopper (Demonspawn Berserker)             Turns: 1353, Time: 00:01:04

Health: 0/29       AC:  3    Str: 17    XL:     3   Next: 42%
Magic:  3/3        EV: 12    Int:  9    God:    Trog [**....]
Gold:   70         SH:  0    Dex: 12    Spells: 2/2 levels left

rFire    . . .     SeeInvis .   a - +0 hand axe
rCold    . . .     Faith    .   (no shield)
rNeg     . . .     Spirit   .   b - +0 animal skin
rPois    .         Reflect  .   (helmet restricted)
rElec    .         Harm     .   h - +0 cloak
rCorr    .         Rampage  .   (no gloves)
Will     ++...                  (no boots)
Stlth    +.........             (no amulet)
HPRegen  1.09/turn              (no ring)
MPRegen  0.08/turn              (no ring)

@: lethally poisoned (0 -> 0), berserk cooldown, regenerating, slowed, very slow
A: horns 1
a: Renounce Religion, Berserk, Trog's Hand


You were on level 2 of the Dungeon.
You worshipped Trog.
Trog was pleased with you.
You visited 1 branch of the dungeon, and saw 2 of its levels.

You collected 70 gold pieces.

Inventory:

Hand Weapons
 a - a +0 hand axe (weapon)
Missiles
 d - 34 sling bullets
 g - 28 stones
 k - a throwing net
Armour
 b - a +0 animal skin (worn)
 h - a +0 cloak (worn)
Jewellery
 c - an uncursed amulet of faith {unknown}
 n - an uncursed ring of willpower {unknown}
Scrolls
 f - a scroll of fear {unknown}
 i - a scroll of fog {unknown}
 m - a scroll of remove curse {unknown}
Potions
 e - a potion of flight {unknown}
 j - a potion of lignification {unknown}
 l - a potion of attraction {unknown}


   Skills:
 - Level 3.0 Fighting
 + Level 4.1 Axes
 - Level 1.7 Armour
 - Level 1.7 Dodging


You had 2 spell levels left.
You didn't know any spells.
Your spell library was empty.

Dungeon Overview and Level Annotations

Branches:
Dungeon (2/15)

Altars:


Innate Abilities, Weirdness & Mutations

You have a pair of small horns on your head.


Message History

You feel your anger nearly subside.
* * * LOW HITPOINT WARNING * * *
You feel sick.
You are no longer berserk.
You pass out from exhaustion.
You feel yourself slow down.
* * * LOW HITPOINT WARNING * * *
You feel sick.
* * * LOW HITPOINT WARNING * * *
You feel sick.
* * * LOW HITPOINT WARNING * * *
You feel sick.
* * * LOW HITPOINT WARNING * * *
You feel sick.
* * * LOW HITPOINT WARNING * * *
You feel sick.
You can move again.
Your skin crawls.
You feel strong-willed.
You die...

...#........##...#
###...##.....#.##...#
..............##.).#
#.....#.....†......#
#..................#
#....#.#...........#
#####....#.#..##..##....
#........#.#.# ##.##...#
...###.).@.#.#.# #.##...#
!. #.........####..##.##
....##$..)†...........#.#
#..?.....##.........#.#
...##.....###.........#.#
# #...#.##.†........#.#
#...#.............#.#
#.....##########.##.##
#.....# #.##..#


There were no monsters in sight!

Vanquished Creatures
  An adder (D:2)
  A worm (D:2)
  2 dart slugs (D:1)
  A giant cockroach (D:1)
  2 goblins
  A hobgoblin (D:1)
  7 jackals (D:1)
  A quokka (D:2)
  4 bats
  2 frilled lizards
  4 kobolds
  2 rats (D:2)
28 creatures vanquished.

Notes
Turn   | Place    | Note
-------+----------+-------------------------------------------
     0 | D:1      | knot the Demonspawn Berserker began the quest for the Orb.
     0 | D:1      | Reached XP level 1. HP: 18/18 MP: 1/1
    18 | D:1      | Reached skill level 3 in Axes
   349 | D:1      | Gained mutation: You have a pair of small horns on your
                  | head. [demonic ancestry]
   349 | D:1      | Reached XP level 2. HP: 16/24 MP: 2/2
  1080 | D:2      | Reached ** piety under Trog
  1081 | D:2      | Reached XP level 3. HP: 18/29 MP: 3/3
  1155 | D:2      | Reached skill level 4 in Axes
  1352 | D:2      | HP: 1/29 [poisoned by a kobold]
  1353 | D:2      | Succumbed to a kobold's poison

Illustrated notes

Levels and vault maps discovered:
D:1:      dpeg_arrival_simpleton_c, layout_basic
D:2:      layout_rooms, lemuel_coloured_pillars_altar

Skill      XL: |  1  2  3 |
---------------+----------+-----
Axes           | 3 4 |  4.1
Fighting       | |  3.0
Armour         | |  1.7
Dodging        | |  1.7

Action                   || total
-------------------------++-------
Melee: Hand axe          ||    82
       Headbutt          ||    10
Invok: Berserk           ||     2
       Trog's Hand       ||     1
Armor: Animal skin       ||    22
Dodge: Dodged            ||    76

Table legend: (Time is in decaauts)
 A = Elapsed time spent in this place.
 B = Non-inter-level travel time spent in this place.
 C = Inter-level travel time spent in this place.
 D = Time resting spent in this place.
 E = Time spent auto-exploring this place.
 F = Levels seen in this place.
 G = Mean time per level.
                   A        B        C        D        E       F      G
               +--------+--------+--------+--------+--------+-----+--------+
         Total |   1368 |   1353 |     15 |    212 |    944 |   2 |  684.0 |
       Dungeon |   1368 |   1353 |     15 |    212 |    944 |   2 |  684.0 |
               +--------+--------+--------+--------+--------+-----+--------+

Top non-repeatable levels by time:
     D:1: 1063 daAuts
     D:2: 304 daAuts
